 Dungeon Crawl Stone Soup version 0.26.1-2-gb8aa6d0cf2 (webtiles) character file.

Game seed: 11788597654257794586

76 Marvel the Gusty (level 4, -1/24 HPs)
             Began as a Tengu Air Elementalist on Feb 8, 2021.
             Slain by an orc
             ... wielding a +0 flail
              (9 damage)
             ... on level 3 of the Dungeon.
             The game lasted 00:04:38 (3145 turns).

Marvel the Gusty (Tengu Air Elementalist)           Turns: 3145, Time: 00:04:38

Health: -1/24      AC:  3    Str:  8    XL:     4   Next: 32%
Magic:  2/9        EV: 13    Int: 23    God:
Gold:   132        SH:  0    Dex: 14    Spells: 8/9 levels left

rFire    . . .     SeeInvis .   e - +0 short sword
rCold    . . .     Faith    .   (no shield)
rNeg     + . .     Spirit   .   a - +0 robe
rPois    .         Reflect  .   (helmet restricted)
rElec    .         Harm     .   (no cloak)
rCorr    .         Rampage  .   n - +0 pair of gloves
Will     .....                  (boots unavailable)
Stlth    ++........             (no amulet)
HPRegen  0.08/turn              i - ring of positive energy
MPRegen  0.11/turn              p - +6 ring of intelligence

@: no status effects
A: beak, talons 3
a: no special abilities


You were on level 3 of the Dungeon.
You visited 1 branch of the dungeon, and saw 3 of its levels.

You collected 132 gold pieces.

Inventory:

Hand Weapons
 e - a +0 short sword (weapon)
Missiles
 c - 12 poisoned darts (quivered)
 g - 8 boomerangs of dispersal
Armour
 a - a +0 robe (worn)
 n - a +0 pair of gloves (worn)
Jewellery
 i - a ring of positive energy (left hand)
 p - a +6 ring of intelligence (right hand)
Scrolls
 b - 2 scrolls of remove curse {unknown}
 k - a scroll of blinking {unknown}
 m - 3 scrolls of identify {unknown}
 o - a scroll of teleportation {unknown}
 q - a scroll of magic mapping {unknown}
Potions
 d - a potion of heal wounds {unknown}
 f - 3 potions of brilliance {unknown}
 h - 2 potions of attraction {unknown}
 j - a potion of haste {unknown}
 l - a potion of might {unknown}


   Skills:
 + Level 0.3 Short Blades
 + Level 2.4 Dodging
 - Level 2.2 Stealth
 + Level 3.1 Spellcasting
 + Level 2.2 Conjurations
 + Level 4.9 Air Magic


You had 8 spell levels left.
You knew the following spells:

 Your Spells              Type           Power        Failure   Level
a - Shock                 Conj/Air       76%          2%          1

Your spell library contained the following spells:

 Spells                   Type           Power        Failure   Level
 Swiftness                Air            26%          2%          2
 Static Discharge         Conj/Air       19%          8%          3
 Airstrike                Air            13%          16%         4
 Lightning Bolt           Conj/Air       9%           58%         5


Dungeon Overview and Level Annotations

Branches:
Dungeon (3/15)

Altars:


Innate Abilities, Weirdness & Mutations

You have a beak for a mouth.
You have claws for feet.


Message History

The puff of flame hits you. The orc completely misses you.
The orc wizard points at you and mumbles some strange words.
You are confused.
You bump into the rock wall.
You bump into the rock wall.
The orc wizard closely misses you.
You hear some strange, mumbled words.
Something tries to affect you, but you resist.
You bump into the rock wall.
The orc wizard closely misses you.
You're too confused to move!
You feel less confused.
The orc wizard hits you with a cursed -2 dagger.
You barely miss the orc wizard. Your peck misses the orc wizard.
The orc wizard is severely wounded.
The orc wizard hits you but does no damage.
You hit the orc. Your kick misses the orc. Your peck misses the orc.
The orc is lightly wounded.
The orc wizard casts a spell at you. The magic dart hits you!
The orc hits you with a +0 flail!
You die...

[....# ..#..#
#)#..# #.#..#
#.#..#
.#####.#..# #
........{.#
#.#.#######.#o##
#.......###.#@#
##...##.....o.#
....>.......###
#...##..#### ##
##..# #...# #.
#.#.# #.##.#.#
####.#...†#


You could see an orc wizard and an orc.

Vanquished Creatures
  2 adders (D:2)
  2 dart slugs (D:1)
  A leopard gecko (D:2)
  2 orcs (D:3)
  2 giant cockroaches
  7 goblins
  7 hobgoblins
  3 jackals (D:2)
  6 kobolds
  2 quokkas (D:2)
  A ball python (D:2)
  4 bats
  A frilled lizard (D:1)
  6 rats
46 creatures vanquished.

Notes
Turn   | Place    | Note
-------+----------+-------------------------------------------
     0 | D:1      | Marvel the Tengu Air Elementalist began the quest for the
                  | Orb.
     0 | D:1      | Reached XP level 1. HP: 10/10 MP: 4/4
     2 | D:1      | Noticed a ghoul
     2 | D:1      | Noticed a vampire
     4 | D:1      | Noticed an ogre
     6 | D:1      | Noticed a halfling
     6 | D:1      | Noticed a gargoyle
     8 | D:1      | Noticed a demigod
     8 | D:1      | Noticed a draconian
    10 | D:1      | Noticed a naga
    10 | D:1      | Noticed a spriggan
    12 | D:1      | Noticed a human
    14 | D:1      | Noticed a centaur
    14 | D:1      | Noticed a demonspawn
    16 | D:1      | Noticed a formicid
    16 | D:1      | Noticed a tengu
    18 | D:1      | Noticed a vine stalker
    18 | D:1      | Noticed a dwarf
    20 | D:1      | Noticed a merfolk
    22 | D:1      | Noticed an elf
    22 | D:1      | Noticed an octopode
    24 | D:1      | Noticed a troll
    24 | D:1      | Noticed a felid
    26 | D:1      | Noticed a minotaur
   665 | D:1      | Reached XP level 2. HP: 7/15 MP: 0/6
  1521 | D:1      | Reached XP level 3. HP: 19/19 MP: 4/7
  2430 | D:2      | Reached XP level 4. HP: 24/24 MP: 0/9
  3145 | D:3      | Slain by an orc

Illustrated notes

Levels and vault maps discovered:
D:1:      kb_arrival_jail, layout_loops_corners,
          hangedman_abyss_or_decor_lesser_grid, kennysheep_flooded_box
D:2:      layout_basic, minmay_tetromino_s4
D:3:      minmay_bubble_buster, layout_loops_ring

Skill      XL: |  1  2  3 |
---------------+----------+-----
Spellcasting   | 3 |  3.1
Conjurations   | 2 |  2.2
Short Blades   | |  0.3
Dodging        | |  2.4
Stealth        | |  2.2
Air Magic      | |  4.9

Action                   |  1- 3 |  4- 6 || total
-------------------------+-------+-------++-------
Melee: Unarmed           |     9 |       ||     9
       Peck              |     1 |       ||     1
       Short sword       |     7 |     3 ||    10
       Kick              |     3 |     1 ||     4
Throw: Dart              |     2 |       ||     2
 Cast: Shock             |    80 |    23 ||   103
 Stab: Sleeping          |     1 |       ||     1
Armor: Robe              |     6 |     1 ||     7
Dodge: Dodged            |    30 |     7 ||    37
